 Dungeon Crawl Stone Soup version 0.18-a0-902-g8738618 (webtiles) character file.

78 Jmtri7 the Charlatan (level 4, -29/32 HPs)
             Began as a Formicid Artificer on Dec 25, 2015.
             Annihilated by Maud
             ... wielding a +1 double sword of slicing
              (30 damage)
             ... on level 10 of the Dungeon.
             The game lasted 00:03:26 (270 turns).

Jmtri7 the Charlatan (Formicid Artificer)            Turns: 270, Time: 00:03:26

Health: -29/32     AC: 15    Str: 16    XL:     4   Next: 61%
Magic:  8/8        EV:  4    Int: 12    God:
Gold:   0          SH:  0    Dex: 11    Spells: 0 memorised, 3 levels left

rFire  . . .     SeeInvis +     n - +2 flail (protect)
rCold  . . .     Gourm    .     h - +0 plate armour
rNeg   . . .     Faith    .     (no shield)
rPois  .         Spirit   .     (helmet unavailable)
rElec  .         Dismiss  .     (no cloak)
rCorr  .         Reflect  .     (no gloves)
SustAt .         Harm     .     (no boots)
MR     .....                    (no amulet)
Stlth  ..........               (no ring)
                                (no ring)

@: not resistant to hostile enchantments, extremely unstealthy
A: permanent stasis, dig shafts and tunnels, four strong arms, antennae 3
a: Dig, Shaft Self


You were on level 10 of the Dungeon.
You were not hungry.

You visited 2 branches of the dungeon, and saw 7 of its levels.

Inventory:

Hand Weapons
 n - a +2 flail of protection (weapon)
Armour
 h - a +0 plate armour (worn)
Wands
 c - a wand of flame (15/48)
 d - a wand of enslavement (7/24)
 e - a wand of random effects (15/48)
 k - a wand of fire (4/15)
Potions
 g - a potion of degeneration {unknown}
 j - a potion of curing {unknown}
Comestibles
 f - a bread ration


   Skills:
 - Level 1.1 Fighting
   Level 1.0 Short Blades
 - Level 1.7 Dodging
 - Level 1.2 Stealth
 + Level 5.5 Evocations


You had 3 spell levels left.
You didn't know any spells.

Dungeon Overview and Level Annotations

Branches:
Dungeon (5/15)             Temple (1/1) D:5

Altars:
Cheibriados
Fedhas
Okawaru
Ru
Sif Muna
Trog
Vehumet
Yredelemnul

Annotations:
D:10 Maud


Innate Abilities, Weirdness & Mutations

You are under a permanent stasis effect.
You can dig through walls and to a lower floor.
Your four strong arms can wield two-handed weapons with a shield.
You have a pair of large antennae on your head (SInv).


Message History

Your troll bites Maud!
Your troll claws Maud.
Your troll claws Maud.
The crimson imp hits you but does no damage.
The crimson imp hits your troll but does no damage.
Your troll bites Maud.
Your troll claws Maud!
Your troll claws Maud.
Maud hits you with a double sword of slicing!!
Ouch! That really hurt!
* * * LOW HITPOINT WARNING * * *
x2 The crimson imp hits your troll but does no damage.
Your troll closely misses the crimson imp. x3
The crimson imp picks up a beetle and eats it.
Your troll misses the crimson imp.
Your troll barely misses the crimson imp. x2
Found three items.
Zapping:
d - a wand of enslavement (8/24)
Press: ? - help, Shift-Dir - straight line, f - Maud
Aim: Maud, wielding a double sword of slicing and wearing a shiny chain mail (severely wounded, chance to defeat MR: 12%) Maud resists with almost no effort.
This wand has 7 charges left.
Maud hits you with a double sword of slicing!!
Ouch! That really hurt!
You die...

##.#...#..#.#.
##.#....8......
##.#............
##.#.....8.......
##.#..............
#.#........8......
?#....†5T.........
#.......@.........
#####..@$...>.>.##
#...........#
#...........#
#...........#
#...........#
#...........#
#...........#
#?.......!.


You could see Maud, a crimson imp and a friendly troll.

Vanquished Creatures
  A crimson imp (D:5)
  An adder (D:5)
  A quokka (D:5)
3 creatures vanquished.

Vanquished Creatures (collateral kills)
  A hound (D:10)
  An iguana (D:10)
2 creatures vanquished.

Vanquished Creatures (others)
  A killer bee zombie (D:10)
  A shadow imp (D:5)
2 creatures vanquished.

Grand Total: 7 creatures vanquished

Notes
Turn   | Place    | Note
--------------------------------------------------------------
     0 | D:1      | Jmtri7 the Formicid Artificer began the quest for the Orb.
     0 | D:1      | Reached XP level 1. HP: 15/15 MP: 3/3
     3 | D:1      | You fall through a shaft!
     6 | D:2      | You fall through a shaft for 2 floors!
     9 | D:4      | You fall through a shaft!
     9 | D:5      | Entered Level 5 of the Dungeon
     9 | D:5      | Found a staircase to the Ecumenical Temple.
    32 | Temple   | Entered the Ecumenical Temple
    96 | D:5      | Reached XP level 2. HP: 21/21 MP: 4/4
   117 | D:5      | Noticed an ice beast
   162 | D:5      | Reached skill level 4 in Evocations
   162 | D:5      | Reached XP level 3. HP: 22/26 MP: 4/6
   243 | D:5      | You fall through a shaft for 2 floors!
   250 | D:7      | You fall through a shaft for 3 floors!
   250 | D:10     | Entered Level 10 of the Dungeon
   250 | D:10     | Noticed a troll
   254 | D:10     | Reached skill level 5 in Evocations
   254 | D:10     | Reached XP level 4. HP: 32/32 MP: 7/7
   255 | D:10     | Noticed Maud
   268 | D:10     | HP: 1/32 [Maud/double sword of slicing (5)]
   270 | D:10     | Annihilated by Maud

Vault maps used:
D:1:      tarquinn_simple_flora_water_a
D:2:      grunt_temple_overflow_opulence
D:4:      lemuel_zombie_altar_kikubaaqudgha, marbit_many_paths, first_bread
D:5:      bloody_makhleb, minmay_temple_entry_grid, patterned_corridor,
          uniq_grinder
D:7:      old_standard_altar, serial_shops, shop_statue
D:10:     wad_pebble_path, uniq_maud
Temple:   temple_eino_lava_8

Action                   |  1- 3 |  4- 6 || total
-------------------------+-------+-------++-------
Melee: Flail             |    12 |     2 ||    14
 Abil: Shaft Self        |     5 |       ||     5
       Dig               |     2 |       ||     2
Evoke: Wand              |     8 |     2 ||    10
  Use: Scroll            |     2 |       ||     2
